[Event "2nd Serbia Open Masters 2022"]
[Site "Novi Sad"]
[Date "2022.07.01"]
[Round "4.9"]
[White "Puranik, Abhimanyu"]
[Black "Samadov, Read"]
[Result "1/2-1/2"]
[ECO "B94"]
[WhiteElo "2608"]
[BlackElo "2442"]
[Annotator "TA"]
[PlyCount "110"]
[EventDate "2022.06.28"]
[EventType "swiss"]
[EventCountry "SRB"]
[SourceTitle "playchess.com"]
[Source "ChessBase"]
[SourceQuality "1"]
[TimeControl "40/5400+30:900+30"]

1. e4 c5 2. Nf3 d6 3. d4 cxd4 4. Nxd4 Nf6 5. Nc3 a6 6. Bg5 Nbd7 7. Qe2 {[%emt 0:00:39] B94: Sicilian Najdorf: 6 Bg5 Nbd7.} h6 8. Bh4 g6 9. f4 {[%emt 0:00:58] White is slightly better.} e5 10. fxe5 dxe5 11. Nb3 b5 12. O-O-O Qc7 13. g4 Bg7 {[%emt 0:10:50] [#]} 14. Bg2 $146 ({Predecessor:} 14. Nd5 Nxd5 15. exd5 Qd6 16. Bg2 O-O 17. Bg3 Nb6 18. h4 a5 19. Bf2 Na4 20. g5 {1-0 (34) Bernadskiy,V (2543)-Harsha,B (2404) Kavala 2017}) 14... O-O 15. g5 hxg5 16. Bxg5 Nb6 17. Bxf6 Bxf6 18. h4 $1 Be6 19. Nd5 (19. Qf2 $16 b4 20. Nd5 Nxd5 21. exd5) 19... Bxd5 $11 20. exd5 {[%emt 0:00:03] Be4 is the strong threat.} e4 {[%emt 0:10:54] Strongly threatening ...Na4.} 21. d6 Qc4 (21... Bxb2+ $5 22. Kxb2 Na4+ 23. Kc1 Qc3 24. Bxe4 (24. Qxe4 Qb2+ 25. Kd2 Qc3+ 26. Kc1 Qb2+ 27. Kd2 Qc3+ 28. Kc1 $11) 24... Qb2+ 25. Kd2 Qc3+ 26. Kc1 Qb2+ 27. Kd2 Qc3+ 28. Kc1 $11) 22. Qxe4 Rad8 23. Qf3 Be5 (23... Rc8 $2 24. c3 Be5 25. h5 Qf4+ 26. Kb1 (26. Qxf4 Bxf4+ 27. Kb1 Rcd8 $18) 26... Qxf3 27. Bxf3 $18) 24. Kb1 {[%emt 0:05:04] Black must now prevent h5.} Na4 (24... Rc8 $2 25. Qf2 $18) 25. c3 b4 (25... Rxd6 $14 26. Rxd6 Bxd6) 26. Na5 $1 $18 Qe6 27. Bh3 $1 (27. cxb4 Nxb2 28. Bh3 f5 $11) 27... f5 28. Nb7 $2 {[%emt 0:02:45] Active counter play!} (28. Bf1 $1 $18 Nxb2 29. Kxb2 bxc3+ 30. Kc1) 28... Rd7 $2 (28... Rb8 $1 $11 29. Bg2 (29. d7 Nxc3+ 30. bxc3 bxc3 $11) 29... bxc3) 29. cxb4 $2 (29. Bg2 $1 $18 {Hoping for Qc6.} bxc3 30. Qc6 Rxb7 31. Qxb7) 29... Rb8 (29... Bxb2 $5 30. Rhe1 (30. Nc5 Nxc5 31. bxc5 Rb8 $17) 30... Qc4 $11) 30. Rhg1 (30. Nc5 $2 Nxc5 31. a3 Na4 $19) 30... Kf8 (30... Rdxb7 $2 31. Bxf5 Nc3+ 32. bxc3 $18) (30... Bg7 $14 31. Bg2 Nxb2) 31. Qd5 $16 ({But not} 31. Nc5 $2 Nxc5 32. Rdf1 Rf7 $1 $19) 31... Qxd5 32. Rxd5 Bxb2 33. Ra5 ({Resist} 33. Nc5 Nxc5 34. Kxb2 (34. Rxg6 $2 Rxb4 35. Bxf5 Rg7 $17) 34... Rxb4+ 35. Ka1 Rb5) (33. Rxg6 $16 Rdxb7 34. Rxf5+ Rf7 35. d7 Rxf5 36. Bxf5) 33... Bd4 {[%emt 0:00:46] [#]} (33... Rdxb7 $11 34. Rxa4 Rxb4 35. Rxb4 Rxb4 36. Rxg6 Be5+ 37. Kc1 Rc4+ 38. Kd2 Rd4+ 39. Ke3 Re4+ 40. Kf2 Rxh4) 34. Rxg6 $1 Nc3+ 35. Kc2 Rbxb7 $2 (35... Rdxb7 $16 36. Kd3 Bg7) 36. Rxf5+ $18 Rf7 {[%emt 0:00:04] [#]} 37. Kd3 {[%emt 0:00:35] Dancing on a razor blade.} ({Less strong is} 37. Rxf7+ Kxf7 38. h5 Bf6 $16) (37. h5 $1 $18 {has better winning chances. aiming for Rxf7+.} Nb5 38. Rxf7+ Rxf7 39. d7) 37... Bg7 $16 {[%emt 0:01:27] [#]} (37... Rxb4 38. d7 Rb8 39. Kxd4 Rxf5 40. Bxf5 Nb5+ 41. Ke5 $18) 38. Rxg7 Kxg7 $11 {[%emt 0:00:13] The position is equal.} 39. Kxc3 Rxf5 40. Bxf5 $16 {[%emt 0:00:00][%mdl 4096] Endgame Threatens to win with Bc8. KR-KB} Kf6 41. d7 Ke7 42. a4 Rb6 43. h5 Rf6 44. Bg4 Rf4 45. Be2 Rf6 46. b5 axb5 47. Bxb5 Rh6 48. Kb4 Rxh5 49. Bc6 Kd8 50. a5 Kc7 {[%emt 0:00:21] [#]} 51. a6 $1 Rh8 (51... Rh4+ 52. Kc5) 52. Kc5 Rh5+ 53. Kc4 Ra5 54. Bb5 Rxa6 55. Bxa6 {[%emt 0:00:02] Threatening mate with Bb5.} Kxd7 {[%emt 0:00:03] Weighted Error Value: White=0.20 (precise) /Black=0.21 (precise)} 1/2-1/2

[Event "2nd Serbia Open Masters 2022"]
[Site "Novi Sad"]
[Date "2022.07.01"]
[Round "4.10"]
[White "Kilic, Eray"]
[Black "Kadric, Denis"]
[Result "1/2-1/2"]
[ECO "B11"]
[WhiteElo "2192"]
[BlackElo "2576"]
[Annotator "TA"]
[PlyCount "48"]
[EventDate "2022.06.28"]
[EventType "swiss"]
[EventCountry "SRB"]
[SourceTitle "playchess.com"]
[Source "ChessBase"]
[SourceQuality "1"]
[TimeControl "40/5400+30:900+30"]

1. e4 c6 2. Nc3 d5 3. Nf3 Bg4 4. h3 Bxf3 5. Qxf3 e6 6. d4 Nf6 7. Bg5 Be7 {[%emt 0:00:45] B11: Caro-Kann: Two Knights Variation.} 8. O-O-O O-O (8... Nxe4 $11 9. Bxe7 (9. Nxe4 Bxg5+ 10. Nxg5 Qxg5+ 11. Kb1 O-O $17) 9... Qxe7 10. Nxe4 dxe4 11. Qxe4 Nd7) 9. Bd3 {[%emt 0:06:48] [#]} b5 $146 (9... h6 $14 10. Bf4 dxe4 11. Nxe4 Nbd7) ({Predecessor:} 9... Re8 10. h4 Na6 11. e5 Nd7 12. Qg3 Nb4 13. Bh6 Nxd3+ 14. Rxd3 g6 15. h5 c5 16. hxg6 fxg6 {0-1 (37) Gonzalez Trelles,V-Gonzalez de Lena,A Asturias 1999}) 10. exd5 {[%emt 0:06:27] White is more active.} (10. e5 $16) 10... cxd5 $11 11. Bxb5 Qa5 12. Bxf6 Bxf6 13. Qd3 (13. Rd3 $11) 13... Rc8 $15 {[%emt 0:02:16][%mdl 1024] Black has compensation.} 14. Rhe1 {[%emt 0:11:46] [#]} (14. f4 $15) 14... a6 $1 $17 15. Ba4 Ra7 (15... Rc4 $17 16. Be8 Rxd4) 16. f4 Rac7 {[%emt 0:08:15][%cal Rc7c3] ...Rxc3 is the strong threat.} 17. Bb3 Nc6 ({Black should try} 17... Rxc3 $15 18. bxc3 Rxc3) 18. Qe3 $11 h6 19. Kb1 Qb4 20. Ne2 ({Of course not} 20. a3 $6 Qb7 $11) 20... Na5 21. c3 ({Better is} 21. f5 $16) 21... Qb6 22. Nc1 Rb8 23. Re2 Rcb7 (23... Nc4 $11 24. Qf3 Nd6) 24. Qf3 Be7 {[%emt 0:13:46] Weighted Error Value: White=0.29 (precise) /Black=0.31} ({Black should play} 24... Qb5) 1/2-1/2

[Event "2nd Serbia Open Masters 2022"]
[Site "Novi Sad"]
[Date "2022.07.01"]
[Round "4.11"]
[White "Harikrishnan.A.Ra"]
[Black "Harsha Bharathakoti"]
[Result "1/2-1/2"]
[ECO "A46"]
[WhiteElo "2396"]
[BlackElo "2547"]
[Annotator "TA"]
[PlyCount "106"]
[EventDate "2022.06.28"]
[EventType "swiss"]
[EventCountry "SRB"]
[SourceTitle "playchess.com"]
[Source "ChessBase"]
[SourceQuality "1"]
[TimeControl "40/5400+30:900+30"]

1. d4 Nf6 2. Nf3 c5 3. c3 e6 4. Bf4 cxd4 5. cxd4 Qb6 6. Qb3 {[%emt 0:04:25] A46: 1 d4 Nf6 2 Nf3 e6: Torre, London and Colle Systems.} (6. Nc3 {feels stronger.}) 6... Qxb3 $11 7. axb3 Nc6 {[%emt 0:00:02][%cal Bb8c6,Bc6b4,Bb4d5][%mdl 32] [#]} 8. h3 $146 ({Predecessor:} 8. e3 Bb4+ 9. Nbd2 d5 10. Bd3 Bd7 11. Ke2 Nh5 12. Bg3 Nxg3+ 13. hxg3 Ke7 14. Ne5 Nxe5 15. dxe5 {0-1 (57) Pakleza,Z (2468)-Vorobiov,E (2586) Sitges 2012}) 8... Nb4 9. Na3 {[%emt 0:02:16] Prevents Nc2+.} a6 10. e3 Nbd5 11. Bh2 Bb4+ 12. Ke2 b6 13. Nc2 Be7 14. Nd2 Bb7 15. Kd1 g5 16. Bd3 b5 {[%emt 0:00:15] Inhibits Nc4.} 17. Ke2 d6 18. f3 Kd7 19. g4 h5 {[%emt 0:01:56] ...hxg4 is the strong threat.} 20. Bg3 Ne8 21. Bf2 Nec7 22. Rag1 Rh6 23. Ne4 Ne8 24. Ng3 Nef6 25. Ra1 Rah8 26. Rhg1 Bd8 27. Rac1 Rg8 28. Ra1 Rgh8 29. Rac1 Ne7 30. Ra1 hxg4 31. hxg4 Nfd5 {[%emt 0:00:51] Prevents Nb4.} (31... Nc6 {with more complications.} 32. e4 Rh2 33. Rh1 Bb6) 32. Rh1 $1 Rxh1 33. Rxh1 Rxh1 34. Nxh1 f5 35. gxf5 exf5 36. Ng3 Ke6 37. Nh5 Kf7 38. Be1 Bc8 39. Bd2 Ng6 40. Nb4 Nxb4 41. Bxb4 d5 42. Bd6 {[%emt 0:01:40] The position is equal.} Nh4 43. Kf2 Be6 44. Ke2 Kg6 45. Ng3 Bf6 46. Bc5 Kh6 47. Bf8+ Kg6 48. Bd6 Kf7 49. Nh5 Bd8 50. Kf2 Kg6 51. Ng3 Bf6 52. Ke2 Bg7 53. Be7 Bf6 {[%emt 0:01:42] Weighted Error Value: White=0.06 (flawless) /Black=0.07 (flawless)} 1/2-1/2

[Event "2nd Serbia Open Masters 2022"]
[Site "Novi Sad"]
[Date "2022.07.01"]
[Round "4.12"]
[White "Perunovic, Milos"]
[Black "Agmanov, Zhandos"]
[Result "1/2-1/2"]
[ECO "C50"]
[WhiteElo "2544"]
[BlackElo "2420"]
[Annotator "TA"]
[PlyCount "37"]
[EventDate "2022.06.28"]
[EventType "swiss"]
[EventCountry "SRB"]
[SourceTitle "playchess.com"]
[Source "ChessBase"]
[SourceQuality "1"]
[TimeControl "40/5400+30:900+30"]

1. e4 e5 2. Nf3 Nc6 3. Bc4 Bc5 4. d3 Nf6 5. Bg5 Be7 (5... h6 $5 6. Be3 Bb6 $11) 6. Nc3 {[%emt 0:00:43] C50: Hungarian Defence and Giuoco Pianissimo.} d6 7. Bxf6 Bxf6 {[%emt 0:00:22] [#]} 8. Nd5 $146 {[%emt 0:00:05] The position is equal.} ({Predecessor:} 8. h3 O-O 9. Qd2 Na5 10. O-O-O Nxc4 11. dxc4 Be6 12. Qd3 Bg5+ 13. Kb1 Qe7 14. Rhe1 {0-1 (53) Tjeerdsma,S (970)-Hogenkamp,J (1223) Rijswijk 2011}) 8... Be6 9. Qd2 Rb8 10. Bb3 Bg4 11. O-O-O (11. Qe3 $11) 11... Bxf3 (11... O-O $5 ) 12. gxf3 Bg5 13. f4 Bh6 14. Qc3 Nd4 {[%emt 0:14:28] [#] And now ...Ne2+ would win.} 15. Qxc7 {[%emt 0:02:06][%cal Od5f6] Nf6+! is the strong threat.} ({Avoid the trap} 15. Nxc7+ $2 Kd7 16. Kb1 (16. Ba4+ $2 b5 $19) 16... Qxc7 $19) 15... Qxc7 16. Nxc7+ Kd7 17. Nd5 Ne2+ 18. Kb1 Nxf4 19. d4 {[%emt 0:29:19] Weighted Error Value: White=0.17 (very precise) /Black=0.16 (very precise)} 1/2-1/2

[Event "2nd Serbia Open Masters 2022"]
[Site "Novi Sad"]
[Date "2022.07.01"]
[Round "4.13"]
[White "Narva, Mai"]
[Black "Petkov, Momchil"]
[Result "1-0"]
[ECO "B41"]
[WhiteElo "2385"]
[BlackElo "2494"]
[Annotator "TA"]
[PlyCount "73"]
[EventDate "2022.06.28"]
[EventType "swiss"]
[EventCountry "SRB"]
[SourceTitle "playchess.com"]
[Source "ChessBase"]
[SourceQuality "1"]
[TimeControl "40/5400+30:900+30"]

1. e4 c5 2. Nf3 e6 3. d4 cxd4 4. Nxd4 a6 5. c4 Nf6 6. Nc3 Qc7 7. Be2 Bb4 8. Nc2 Bd6 {[%emt 0:13:14] Recently 8...Bxc3+ got a lot of attention. B41: Sicilian: Kan Variation: 5 c4.} 9. g3 {[%emt 0:14:06] [#]} Be5 $146 ({Predecessor:} 9... Be7 10. f4 d6 11. Be3 Nc6 12. Qd2 Na5 13. b3 Bd7 14. Rc1 Rc8 15. Nd4 O-O 16. g4 {0-1 (43) Saumy,Z (1892)-Vo,T (2349) Ashkhabad 2017}) 10. Qd3 b5 {[%emt 0:09:14] The position is equal.} 11. cxb5 Bb7 {[%emt 0:00:08] [#] aiming for ...Bxc3+.} 12. Nd4 O-O 13. f4 (13. O-O $14) 13... Bxd4 $15 14. Qxd4 Nxe4 $2 {[%emt 0:02:08][%mdl 8192] Loses the game.} 15. Nxe4 $18 {[%emt 0:02:41] Strongly threatening b6.} f5 16. b6 Qd8 17. Nf2 Bxh1 18. Nxh1 {[%emt 0:00:03] [#] Black must now prevent b7.} Nc6 19. Qc5 Ne7 20. b7 Rb8 21. Bxa6 d6 22. Qc4 Nd5 23. Bd2 Qb6 24. Rc1 {[%emt 0:01:05] And now Qc6 would win.} Qg1+ $2 (24... Nc7 {keeps fighting.}) 25. Ke2 Qxh2+ 26. Nf2 Qxg3 27. Qd4 Nf6 (27... Qh4 $142 28. Rc8 Qh5+ 29. Ke1 Qf7) 28. Rc8 {[%emt 0:00:56] Active counter play!} Qg2 29. Be3 {[%emt 0:00:58] This bishop pair is nice.} ({Not} 29. Qxd6 Qxf2+ 30. Kd1 Qf3+ 31. Be2 Qh1+ 32. Be1 Qd5+ 33. Qxd5 Nxd5 $16) (29. Bb4 $142 Qd5 30. Qxd5 Nxd5 31. Bxd6 Rfxc8 32. bxc8=Q+ Rxc8 33. Bxc8) 29... Ne4 (29... Rxb7 $142 30. Rxf8+ (30. Qxd6 Rxb2+ 31. Kd3 Qd5+ 32. Qxd5 Nxd5 $17) 30... Kxf8 31. Bxb7 Qxb7 32. Qxd6+ Kf7) 30. Rxb8 Rxb8 31. Qa7 Ng3+ 32. Ke1 Qg1+ 33. Kd2 Rxb7 34. Qxb7 (34. Qa8+ $142 Kf7 35. Qxb7+ Kg6 36. Qe7 h5 37. Qxe6+ Kh7 38. Bc4 d5 39. Qxd5 Nf1+ 40. Bxf1 Qxf1 41. Qxf5+ Kg8 42. Ne4) 34... h5 35. Qc8+ Kh7 36. Qxe6 {[%emt 0:00:35] White threatens Bc4 and mate.} Qb1 37. Bd4 {[%emt 0:00:33] Weighted Error Value: White=0.28 (precise) /Black=1.10} 1-0

[Event "2nd Serbia Open Masters 2022"]
[Site "Novi Sad"]
[Date "2022.07.01"]
[Round "4.14"]
[White "Injac, Teodora"]
[Black "Fernandez, Daniel Howard"]
[Result "1-0"]
[ECO "A11"]
[WhiteElo "2384"]
[BlackElo "2503"]
[Annotator "TA"]
[PlyCount "67"]
[EventDate "2022.06.28"]
[EventType "swiss"]
[EventCountry "SRB"]
[SourceTitle "playchess.com"]
[Source "ChessBase"]
[SourceQuality "1"]
[TimeControl "40/5400+30:900+30"]

1. Nf3 d5 2. g3 c6 3. Bg2 Bg4 4. c4 e6 5. O-O h5 6. d4 {[%emt 0:22:21] A11: English Opening: 1...c6.} Nd7 7. cxd5 exd5 {[%emt 0:05:40] [#]} 8. Nc3 $146 {[%emt 0:00:46] White is slightly better.} ({Predecessor:} 8. Bf4 Qb6 9. Qd2 Bb4 10. Nc3 Ne7 11. a3 Bxc3 12. bxc3 Qd8 13. e4 O-O 14. h3 dxe4 {½-½ (49) Peschen,R (2146)-Richter,W (2357) Remote email 2012}) 8... Be7 9. Re1 h4 10. e4 hxg3 11. hxg3 dxe4 12. Nxe4 Kf8 13. d5 Qa5 ({Better is} 13... cxd5 $14 14. Qxd5 Nc5 15. Qxd8+ Rxd8) 14. Nc3 (14. dxc6 $16 bxc6 15. Neg5) 14... Rd8 $14 15. Qd4 Bxf3 16. Bxf3 Bf6 17. Qe4 cxd5 18. Nxd5 {[%emt 0:05:02] Bf4 is the strong threat.} Ne5 {[%emt 0:00:41] [#]} 19. Bg2 {[%emt 0:06:38] Threatens to win with Bf4.} Nd3 (19... Rxd5 $2 20. b4 Qb5 21. Qxd5 Qxd5 22. Bxd5 $18) (19... Nc6 $16) 20. Rf1 {[%emt 0:01:47] The board is on fire.} (20. Rd1 $18 Nxc1 21. b4 (21. Raxc1 g6 $16) (21. Rdxc1 $2 Bxb2 22. Rab1 Bxc1 $19)) 20... Nxc1 $16 21. Raxc1 Bxb2 22. Rb1 {[%emt 0:01:26][%cal Bc1b1,Bb1b2,Bb2b3,Bb3d3][%mdl 32] White is more active.} Nf6 $2 {[%emt 0:01:01][%mdl 8192] Black cannot hold the game after this.} (22... Rh5 $14) 23. Qe7+ $18 Kg8 24. Rxb2 {[%emt 0:00:12][%cal Ob2b5] aiming for Rb5!} Nxd5 {[%emt 0:00:01] [#]} 25. Qg5 {[%emt 0:01:20] Black must now prevent Rd1.} g6 26. Rd1 Rh5 27. Qd2 Qa6 28. Rb3 Kg7 29. Rd3 ({Weaker is} 29. Bxd5 Rhxd5 30. Qb2+ Qf6 31. Rxd5 Qxb2 32. Rxb2 Rxd5 $15) 29... Nf4 30. gxf4 ({And not} 30. Rxd8 Ne2+ 31. Kf1 Nxg3+ 32. Kg1 Ne2+ 33. Kf1 Ng3+ 34. Kg1 Ne2+ 35. Kf1 Ng3+ $11) 30... Rxd3 31. Qxd3 Qxa2 $2 (31... Qxd3 32. Rxd3 b6) 32. Qd4+ Kg8 33. Qf6 Kh7 {[%emt 0:00:01] [#]} 34. Bd5 $1 {[%emt 0:02:03][%mdl 512] Weighted Error Value: White=0.17 (very precise) /Black=0.54} 1-0

[Event "2nd Serbia Open Masters 2022"]
[Site "Novi Sad"]
[Date "2022.07.01"]
[Round "4.15"]
[White "Aditya Mittal"]
[Black "Urazayev, Arystanbek"]
[Result "1-0"]
[ECO "D30"]
[WhiteElo "2490"]
[BlackElo "2445"]
[Annotator "TA"]
[PlyCount "173"]
[EventDate "2022.06.28"]
[EventType "swiss"]
[EventCountry "SRB"]
[SourceTitle "playchess.com"]
[Source "ChessBase"]
[SourceQuality "1"]
[TimeControl "40/5400+30:900+30"]

1. d4 d5 2. c4 e6 3. Nf3 a6 4. Bg5 Be7 5. Bxe7 Nxe7 6. Nbd2 {[%emt 0:00:08] D30: Queen's Gambit Declined: Systems without Nc3.} O-O 7. g3 Nd7 8. Bg2 {[%emt 0:00:05] White is slightly better.} c5 9. O-O {[%emt 0:00:08] [#]} cxd4 $146 ({Predecessor:} 9... b5 10. cxd5 Nxd5 11. Ne4 c4 12. b3 cxb3 13. axb3 Bb7 14. Nd6 Bc6 15. Rc1 Nb8 {½-½ (50) Beydullayeva,G (2384)-Fataliyeva,U (2348) Baku 2022}) 10. cxd5 Nxd5 11. Nxd4 Ne5 12. Qb3 Qa5 13. N2f3 Nxf3+ 14. Bxf3 Nf6 15. Qe3 ({Don't play} 15. Bxb7 Rb8 16. Nc6 Qc7 17. Nxb8 Bxb7 $11) 15... e5 16. Nb3 Qb5 17. Rfc1 e4 18. Rc5 Qe8 19. Bg2 Bd7 20. Qc3 Rc8 21. Qd4 Bc6 22. Rac1 Qe6 23. Re5 Qg4 24. h3 Qd7 (24... Qxe2 $2 25. Bf1 Qf3 26. Nd2 $18) 25. g4 Rfd8 26. Qxd7 Nxd7 27. Ra5 Nf8 28. e3 Ne6 {[%emt 0:10:29] Inhibits Nd4.} 29. Re5 b6 {[%emt 0:01:54] Inhibits Na5.} 30. Bxe4 Bxe4 31. Rxc8 ({Don't go for} 31. Rxe4 $2 Rxc1+ 32. Nxc1 Rd1+ 33. Kg2 Rxc1 $19) 31... Rxc8 32. Rxe4 $16 {[%emt 0:00:02][%mdl 4096] Endgame KRN-KRN} Kf8 33. Rb4 $1 Rc6 34. Nd4 Nxd4 35. Rxd4 {[%emt 0:00:39] KR-KR} Rc2 36. Rb4 b5 37. Kg2 Ke7 38. a4 bxa4 39. Re4+ Kd7 40. Rxa4 Rxb2 41. Rxa6 Ke7 42. g5 Rb5 43. f4 (43. h4 $16) 43... Rb2+ $14 44. Kg3 {[%emt 0:00:45] Threatens to win with Ra7+.} Re2 45. Kf3 Rh2 $1 46. Kg4 {[%emt 0:00:04] Hoping for Ra7+.} Re2 47. Ra3 g6 48. h4 Re1 ({Better is} 48... Rg2+ $14 49. Kf3 Rh2) 49. h5 $1 $18 gxh5+ {[%emt 0:05:20] [#]} 50. Kxh5 (50. Kf5 $1 $18) 50... Rh1+ $1 $14 51. Kg4 {[%emt 0:00:02] aiming for Kf5.} h6 $1 52. Kf5 {[%emt 0:04:43] Ra7+ is the strong threat.} hxg5 53. Kxg5 Rb1 54. e4 Rg1+ 55. Kf5 Kf8 56. e5 Kg7 57. Ra7 Re1 58. Re7 {[%emt 0:00:11] Threatening mate with e6.} Ra1 59. Re8 Rb1 60. Rd8 Ra1 61. Rd7 {[%emt 0:00:29] e6 would kill now.} Re1 62. Rd2 Rg1 {[%emt 0:00:22] Inhibits Rg2+.} 63. Ra2 Rb1 64. Rd2 Ra1 65. Ke4 Re1+ 66. Kf5 Ra1 67. Rd3 Rb1 68. Kg4 Re1 69. Kg5 Rg1+ 70. Kf5 Ra1 71. Rg3+ Kf8 72. Kg5 Kg7 73. Rg2 Ra5 74. Kf5+ Kf8 75. Rb2 Kg7 76. Rb7 Ra6 77. Rd7 Rb6 78. Ke4 Rb1 79. f5 (79. Ra7 $16) 79... Re1+ $1 $11 80. Kd5 {[%emt 0:00:01] White threatens e6 and mate.} Rd1+ $2 (80... Rf1 $11) 81. Kc6 Rf1 {[%emt 0:00:35] [#]} 82. e6 $1 {[%emt 0:01:25][%cal Be5e6,Be6e7][%mdl 32] White mates.} Rxf5 83. e7 Re5 84. Kc7 Kg6 85. Rd6+ Kf5 86. Kd8 Kg4 87. Rf6 {[%emt 0:00:20] Weighted Error Value: White=0.08 (flawless) /Black=0.09 (flawless)} 1-0

[Event "2nd Serbia Open Masters 2022"]
[Site "Novi Sad"]
[Date "2022.07.01"]
[Round "4.16"]
[White "Song, Raymond"]
[Black "Ceres, Dragos"]
[Result "1/2-1/2"]
[ECO "C70"]
[WhiteElo "2485"]
[BlackElo "2380"]
[Annotator "TA"]
[PlyCount "44"]
[EventDate "2022.06.28"]
[EventType "swiss"]
[EventCountry "SRB"]
[SourceTitle "playchess.com"]
[Source "ChessBase"]
[SourceQuality "1"]
[TimeControl "40/5400+30:900+30"]

1. e4 e5 2. Nf3 Nc6 3. Bb5 a6 4. Ba4 g6 5. c3 Bg7 6. d4 {[%emt 0:00:10] C70: Ruy Lopez: 3...a6 4 Ba4, Norwegian and Delayed Schliemann.} exd4 7. cxd4 b5 8. Bc2 {[%emt 0:00:04] White is slightly better.} d6 9. d5 Na5 10. O-O Ne7 11. Nc3 {[%emt 0:00:05] [#]} Bg4 $146 ({Predecessor:} 11... O-O 12. Rb1 h6 13. h3 c6 14. dxc6 Nexc6 15. Nd5 Nc4 16. b3 N4e5 17. Bb2 Be6 {½-½ (41) Balogh,C (2645)-Tkachiev,V (2658) Reykjavik 2015}) 12. h3 Bxf3 13. Qxf3 O-O 14. Re1 c5 15. dxc6 Nexc6 16. Qd1 Nc4 17. Bd3 Rc8 18. Bxc4 bxc4 19. Rb1 Nb4 20. Nd5 Nxd5 21. Qxd5 Rc5 22. Qd1 d5 {[%emt 0:02:36] Weighted Error Value: White=0.07 (flawless) /Black=0.04 (flawless)} 1/2-1/2

[Event "2nd Serbia Open Masters 2022"]
[Site "Novi Sad"]
[Date "2022.07.01"]
[Round "4.17"]
[White "Padmini, Rout"]
[Black "Pranav Vijay"]
[Result "1/2-1/2"]
[ECO "C58"]
[WhiteElo "2348"]
[BlackElo "2265"]
[Annotator "TA"]
[PlyCount "80"]
[EventDate "2022.06.28"]
[EventType "swiss"]
[EventCountry "SRB"]
[SourceTitle "playchess.com"]
[Source "ChessBase"]
[SourceQuality "1"]
[TimeControl "40/5400+30:900+30"]

1. e4 e5 2. Nf3 Nc6 3. Bc4 Nf6 4. Ng5 d5 5. exd5 Na5 6. Bb5+ Bd7 7. Qe2 Bd6 8. Nc3 O-O 9. Bxd7 {[%emt 0:00:00] C58: Two Knights: 4 Ng5 d5 5 exd5 Na5 sidelines.} Qxd7 10. a3 {[%emt 0:00:00] Prevents Bb4.} b6 11. O-O {[%emt 0:00:00] White is better.} h6 12. Nge4 Nxe4 13. Nxe4 f5 (13... Nb7 $142) 14. Nxd6 $16 {[%emt 0:00:00] [#]} cxd6 $146 ({Predecessor:} 14... Qxd6 15. b4 Nb7 16. Bb2 Rae8 17. c4 Re7 18. Rae1 Rfe8 19. d3 Qd7 20. Qd2 e4 {1-0 (28) Sipos,I (2445)-Plenca,J (2034) Pula 2012}) 15. b4 Nb7 16. d3 Rae8 17. Bb2 f4 18. f3 Nd8 19. c4 Nf7 20. a4 h5 21. d4 (21. b5 $16) 21... Ng5 $2 (21... Qf5 $1 $14) 22. dxe5 $18 dxe5 23. h4 (23. Bxe5 Rf5 24. a5 Rfxe5 $17) 23... Nf7 24. a5 Qd8 25. axb6 axb6 26. Ra7 Nd6 (26... b5 $142 27. Rd1 (27. cxb5 Qb6+ 28. Qf2 Qxb5 $16) 27... Qb6+ 28. Qf2 Qxf2+ 29. Kxf2 bxc4) 27. c5 (27. Bxe5 Nf7 28. Rxf7 Rxf7 $11) 27... bxc5 28. bxc5 Nf5 (28... Nc8 {is more resistant.}) 29. d6 Ng3 30. Qc4+ Kh8 31. Re1 Qxh4 {[%emt 0:02:19] [#]} 32. Bxe5 $2 {[%emt 0:00:00] [#] Dancing on a razor blade.} ({White must play} 32. d7 $1 $18 Re7 33. Qd3 (33. Rxe5 $2 Qh1+ 34. Kf2 Qd1 $19)) 32... Rxe5 $15 33. Rxe5 Qh1+ (33... Rb8 $15 34. Rb7 Rxb7 35. Re8+ Kh7 36. Qc2+ (36. c6 {leads to mate.} Qh1+ 37. Kf2 Rb2+) 36... g6) 34. Kf2 $11 Qd1 {[%emt 0:00:03][%cal Rg3h1] The position is equal.} 35. Re1 Qd2+ 36. Re2 $1 Nh1+ (36... Qd1 $5 37. Re1 Qd2+ 38. Re2 Nh1+ 39. Kf1 (39. Kg1 Qd1+ 40. Re1 Qxe1+ $11) 39... Ng3+ 40. Kf2 $11) 37. Kf1 Ng3+ 38. Kf2 $1 Qd1 39. Re1 {[%emt 0:00:26] Inhibits Qf1+.} Qd2+ 40. Re2 $1 Qd1 {[%emt 0:00:00] Weighted Error Value: White=0.44/Black=0.46} 1/2-1/2